 Dungeon Crawl Stone Soup version 0.31.0-9-g3a7656b989 (webtiles) character file.

Game seed: 6704081292043492922

290 qw the Skirmisher (level 6, -6/35 HPs)
             Began as a Deep Elf Hunter on Feb 2, 2024.
             Killed by divine providence
             ... invoked by an orc priest
              (13 damage)
             ... on level 4 of the Dungeon.
             The game lasted 00:00:09 (2672 turns).

qw the Skirmisher (Deep Elf Hunter)                 Turns: 2672, Time: 00:00:10

Health: -6/35      AC:  5    Str: 10    XL:     6   Next: 9%
Magic:  8/8        EV: 11    Int: 14    God:
Gold:   174        SH:  0    Dex: 18    Spells: 5/5 levels left

rFire   . . .        a - +0 shortbow
rCold   . . .        (shield currently unavailable)
rNeg    . . .        h - +0 ring mail
rPois   .            (no helmet)
rElec   .            (no cloak)
rCorr   .            (no gloves)
SInv    .            (no boots)
Will    .....        (no amulet)
Stlth   +            g - +4 ring of slaying {mikee}
HPRegen 0.25/turn    (no ring)
MPRegen 0.11/turn

%: no passive effects
@: about to teleport
A: no striking features
a: no special abilities


You were on level 4 of the Dungeon.
You visited 1 branch of the dungeon, and saw 4 of its levels.

You collected 174 gold pieces.


   Skills:
 - Level 2.0 Fighting
 + Level 9.5 Ranged Weapons
 - Level 2.4 Dodging
 - Level 1.2 Stealth


You had 5 spell levels left.
You didn't know any spells.
Your spell library was empty.

Inventory:

Hand Weapons
 a - a +0 shortbow (weapon)
Armour
 h - a +0 ring mail (worn)
Jewellery
 g - a +4 ring of slaying (left hand) {mikee}
Potions
 b - a potion of cancellation
 c - a potion of degeneration {unknown}
 e - a potion of curing
 f - a potion of enlightenment

Dungeon Overview and Level Annotations

Branches:
Dungeon (4/15)
 Temple: D:4-7

Altars:
Dithmenos
Fedhas
Qazlal
Sif Muna


Message History

You shoot an arrow. The arrow closely misses the orc.
The orc shouts!
The arrow hits the orc!
You kill the orc!
You hear a shout!
An orc comes into view. It is wielding a +0 dagger.
An orc priest comes into view. It is wielding a +0 club.
You shoot an arrow. The orc shouts!
The arrow hits the orc!
You kill the orc!
The orc priest invokes the aid of Beogh against you.
Beogh smites you!
2656 ||| FLEEEEING.
2657 ||| FLEEEEING.
2658 ||| FLEEEEING.
2659 ||| FLEEEEING.
2660 ||| FLEEEEING.
2661 ||| FLEEEEING.
You start resting.
An orc is nearby!
2665 ||| FLEEEEING.
2666 ||| FLEEEEING.
You shoot an arrow. The arrow closely misses the orc.
The orc priest invokes the aid of Beogh against you.
Beogh smites you!
You shoot an arrow. The arrow barely misses the orc.
The orc hits you but does no damage.
You shoot an arrow. The arrow closely misses the orc.
You shoot an arrow. The arrow hits the orc!
You kill the orc!
The orc priest hits you with a +0 club.
2671 ||| READING scroll of teleportation.
As you read the scroll of teleportation, it crumbles to dust.
You feel strangely unstable. The orc priest completely misses you.
You shoot an arrow. The arrow barely misses the orc priest.
The orc priest invokes the aid of Beogh against you.
Beogh smites you!
You die...

#.#..........######
###.#.#............[#
##.......######.####.#
.......### #.# #.#
##.#...########.# #.#
.............##.# #.#
##.#...#####.##.####.##
.......)......%..##...######
##.#.#.####....<@##........#
####.#..........)o....###.#.
# #.######...........(..# #
#.# ##.##.####.####.# # #.#
#.##.# #.# #.# #......# #.#
..# #......####.#
#...........# #.....#.###.#


You could see an orc priest.

Vanquished Creatures
  A black bear (D:3)
  A jelly (D:4)
  Natasha (thrice) (D:4)
  4 adders
  A dart slug (D:3)
  2 ribbon worms
  3 orcs (D:4)
  5 bats
  2 endoplasms
  5 giant cockroaches
  7 goblins
  6 hobgoblins
  4 quokkas
  A ball python (D:1)
  5 kobolds
  7 rats
57 creatures vanquished.

Notes
Turn   | Place    | Note
-------+----------+-------------------------------------------
     0 | D:1      | qw the Deep Elf Hunter began the quest for the Orb.
     0 | D:1      | Reached XP level 1. HP: 12/12 MP: 3/3
     0 | D:1      | 0 ||| qw: Version: 0.3-a-155-g5e7d8dd
     0 | D:1      | 0 ||| qw: Game counter: 627
     0 | D:1      | 0 ||| qw: Melee chars always use a shield: true
     0 | D:1      | 0 ||| qw: God list: Okawaru
     0 | D:1      | 0 ||| qw: Allow faded altars: false
     0 | D:1      | 0 ||| qw: Do Orc after clearing Dungeon:15 true
     0 | D:1      | 0 ||| qw: Do second Lair branch before Depths: true
     0 | D:1      | 0 ||| qw: Lair rune preference: random
     0 | D:1      | 0 ||| qw: Goals: Normal
     0 | D:1      | 0 ||| PLANNING D:1-11
   117 | D:1      | Reached skill level 6 in Ranged Weapons
   117 | D:1      | Reached XP level 2. HP: 16/16 MP: 4/4
   650 | D:1      | 650 ||| UPGRADING to +4 ring of slaying {mikee}.
   651 | D:1      | 651 ||| READING 2 scrolls labelled MUVEEZ FIUPNERCH.
   651 | D:1      | 651 ||| IDENTIFYING fuming pink potion
   652 | D:1      | 652 ||| READING scroll of identify.
   652 | D:1      | 652 ||| IDENTIFYING pink potion
   653 | D:1      | 653 ||| READING 2 scrolls labelled TYAPHE COGEANT.
   654 | D:1      | 654 ||| READING scroll labelled YFFUKHL DEGE.
   659 | D:1      | 659 ||| DROPPING scroll of butterflies.
   660 | D:1      | 660 ||| DROPPING scroll of noise.
   761 | D:2      | Found a stormy altar of Qazlal.
   784 | D:2      | Reached XP level 3. HP: 20/20 MP: 5/5
   942 | D:2      | Reached skill level 7 in Ranged Weapons
  1039 | D:2      | You fall into a shaft and drop 2 floors!
  1040 | D:4      | 1040 ||| READING scroll labelled DUNAZASEAT.
  1041 | D:4      | 1041 ||| DRINKING 2 coppery potions.
  1045 | D:4      | 1045 ||| FLEEEEING.
  1046 | D:4      | 1046 ||| STAIRDANCE
  1174 | D:3      | Found a shadowy altar of Dithmenos.
  1180 | D:3      | Found a shimmering blue altar of Sif Muna.
  1184 | D:3      | Found a blossoming altar of Fedhas.
  1333 | D:3      | 1333 ||| READING scroll of identify.
  1333 | D:3      | 1333 ||| IDENTIFYING smoky coppery potion
  1334 | D:3      | 1334 ||| READING scroll labelled NEUNEO BUFECU.
  1335 | D:3      | 1335 ||| READING scroll labelled GUVUYNWIPO.
  1337 | D:3      | 1337 ||| Stepping ~*~*~tactically~*~*~ (cloud).
  1698 | D:2      | 1698 ||| UPGRADING to +0 ring mail.
  1708 | D:2      | 1708 ||| DROPPING +0 leather armour.
  1771 | D:3      | Found a faded altar of an unknown god.
  1934 | D:3      | Noticed a black bear
  1940 | D:3      | HP: 3/20 [black bear (5)]
  1940 | D:3      | HP: 1/20 [black bear (2)]
  1941 | D:3      | 1941 ||| DRINKING potion of heal wounds.
  1942 | D:3      | Killed a black bear
  1943 | D:3      | Reached skill level 8 in Ranged Weapons
  1943 | D:3      | Reached XP level 4. HP: 21/25 MP: 6/6
  1943 | D:3      | Reached XP level 5. HP: 25/29 MP: 7/7
  2493 | D:4      | Reached skill level 9 in Ranged Weapons
  2518 | D:4      | Noticed Natasha
  2523 | D:4      | Killed Natasha
  2538 | D:4      | Noticed Natasha
  2541 | D:4      | Killed Natasha
  2567 | D:4      | Noticed Natasha
  2571 | D:4      | Killed Natasha
  2572 | D:4      | Reached XP level 6. HP: 35/35 MP: 8/8
  2656 | D:4      | 2656 ||| FLEEEEING.
  2657 | D:4      | 2657 ||| FLEEEEING.
  2658 | D:4      | 2658 ||| FLEEEEING.
  2659 | D:4      | 2659 ||| FLEEEEING.
  2660 | D:4      | 2660 ||| FLEEEEING.
  2661 | D:4      | 2661 ||| FLEEEEING.
  2665 | D:4      | 2665 ||| FLEEEEING.
  2666 | D:4      | 2666 ||| FLEEEEING.
  2670 | D:4      | HP: 7/35 [orc priest/+0 club (4)]
  2671 | D:4      | 2671 ||| READING scroll of teleportation.
  2672 | D:4      | Killed from afar by an orc priest

Levels and vault maps discovered:
D:1:      psy_arrival_whirlpool, layout_basic, minivault_25,
          minmay_misc_feat_cross, amcnicky_mini_rare_corridor_liquid,
          minmay_misc_feat_roman, serial_bayou_lagoon_b
D:2:      layout_loops_ring, basic_altar, minmay_pentomino_pile
D:3:      layout_basic, minmay_overflow_temple_star_quad,
          basic_ecumenical_altar, dk_noncrumbling_4, nicolae_eternal_life
D:4:      layout_loops_ring, uniq_natasha

Skill      XL: |  1  2  3  4  5 |
---------------+----------------+-----
Ranged Weapons | 6 8 9 |  9.5
Fighting       | 2 |  2.0
Dodging        | |  2.4
Stealth        | |  1.2

Action                     |  1- 3 |  4- 6 || total
---------------------------+-------+-------++-------
   Fire: Shortbow          |   106 |    48 ||   154
    Use: Scroll            |     8 |     1 ||     9
         Potion            |     2 |       ||     2
 Armour: Leather armour    |     9 |       ||     9
         Ring mail         |    10 |     2 ||    12
  Dodge: Dodged            |    24 |     6 ||    30

Table legend:
 A = Non-vault XP
 B = Vault XP
 C = Vault XP percentage of total XP
 D = Non-vault monster count
 E = Vault monster count
 F = Vault count percentage of total count
                 A         B        C        D         E       F
            +---------+---------+-------+---------+---------+-------
      Total |     369 |      46 |  11.1 |      49 |       8 |  14.0
            +---------+---------+-------+---------+---------+-------
        D:1 |      31 |       0 |   0.0 |      19 |       0 |   0.0
        D:2 |      23 |      11 |  32.4 |       7 |       7 |  50.0
        D:3 |     164 |       0 |   0.0 |       9 |       0 |   0.0
        D:4 |     151 |      35 |  18.8 |      14 |       1 |   6.7
            +---------+---------+-------+---------+---------+-------
